3A
SYRACUSE STORM @ NEBRASKA PLAINSMEN
07/18/2032
 
TOP OF THE 1ST
Syracuse Storm batting - Pitching for Nebraska Plainsmen : RHP Nate Jackson
Pitching: RHP Nate Jackson
Batting: LHB Ed Gordon 0-0: Swinging Strike
0-1: Ball
1-1: Ball
2-1: Ball
3-1: Foul Ball, location: 2F
3-2: Ground out 4-3 (Groundball, 4)
Batting: RHB Sadakuno Hashimoto 0-0: Ball
1-0: Ball
2-0: Ball
3-0: Called Strike
3-1: Base on Balls
Batting: LHB Salvador Ramírez 0-0: Ball
1-0: Foul Ball, location: 2F
1-1: Fielders Choice at 2nd, 1-4 (Groundball, 15S)
Batting: LHB Rafael Longoria 0-0: Fly out, F7 (Flyball, 7S)
Top of the 1st over - 0 runs, 0 hits, 0 errors, 1 left on base; Syracuse 0 - Nebraska 0
BOTTOM OF THE 1ST
Nebraska Plainsmen batting - Pitching for Syracuse Storm : LHP Ken French
Pitching: LHP Ken French
Batting: LHB Nathan Housden 0-0: Called Strike
0-1: Ball
1-1: DOUBLE (Line Drive, 7LM)
Batting: SHB Jorge Iglésias 0-0: Ground out 1-3 (Groundball, P)
Nathan Housden to third
Batting: RHB Tatsui Murakami 0-0: Swinging Strike
0-1: Called Strike
0-2: Ball
1-2: Strikes out looking
Batting: RHB Diego Martínez 0-0: Ball
1-0: Ball
2-0: Ball
3-0: Base on Balls
Batting: RHB Gary Mosley 0-0: Called Strike
0-1: Ball
1-1: Ball
2-1: Swinging Strike
2-2: DOUBLE (Line Drive, 78M)
Nathan Housden scores
Diego Martínez to third
Runner from 3rd tries for Home, SAFE, no throw
Batting: RHB Troy Ross 0-0: Ball
1-0: Ground out 6-3 (Groundball, 6)
Bottom of the 1st over - 2 runs, 2 hits, 0 errors, 1 left on base; Syracuse 0 - Nebraska 2
TOP OF THE 2ND
Syracuse Storm batting - Pitching for Nebraska Plainsmen : RHP Nate Jackson
Batting: RHB Dave Maxwell 0-0: Ball
1-0: Ball
2-0: Ground out 1-3 (Groundball, 15S)
Batting: RHB Javier Sandoval 0-0: Called Strike
0-1: Ball
1-1: Ball
2-1: Ball
3-1: Foul Ball, location: 2F
3-2: Strikes out swinging
Batting: LHB Hirohisa Wada 0-0: Foul Ball, location: 2F
0-1: Ground out 4-3 (Groundball, 4)
Top of the 2nd over - 0 runs, 0 hits, 0 errors, 0 left on base; Syracuse 0 - Nebraska 2
BOTTOM OF THE 2ND
Nebraska Plainsmen batting - Pitching for Syracuse Storm : LHP Ken French
Batting: SHB Roger Dorn 0-0: Ball
1-0: Called Strike
1-1: SINGLE (Flyball, 34D)
Batting: RHB Tomas van Noord 0-0: Called Strike
0-1: Foul Ball, location: 2F
0-2: Strikes out swinging
Batting: SHB Amadeo Álvarez 0-0: Ball
1-0: Swinging Strike
1-1: Swinging Strike
1-2: Foul Ball, location: 2F
1-2: Strikes out looking
Batting: LHB Nathan Housden 0-0: Foul Ball, location: 2F
0-1: Swinging Strike
0-2: Strikes out looking
Bottom of the 2nd over - 0 runs, 1 hit, 0 errors, 1 left on base; Syracuse 0 - Nebraska 2
TOP OF THE 3RD
Syracuse Storm batting - Pitching for Nebraska Plainsmen : RHP Nate Jackson
Batting: SHB Franck Kooijmans 0-0: Called Strike
0-1: DOUBLE (Line Drive, 9LS)
Batting: RHB Francis Osborne 0-0: Called Strike
0-1: Foul Ball, location: 2F
0-2: Strikes out swinging
Batting: LHB Ed Gordon 0-0: Ball
1-0: Swinging Strike
1-1: Foul Ball, location: 2F
1-2: Ground out 1-3 (Groundball, 13S)
Franck Kooijmans to third
Batting: RHB Sadakuno Hashimoto 0-0: Foul Ball, location: 2F
0-1: Ground out 6-3 (Groundball, 6S)
Top of the 3rd over - 0 runs, 1 hit, 0 errors, 1 left on base; Syracuse 0 - Nebraska 2
BOTTOM OF THE 3RD
Nebraska Plainsmen batting - Pitching for Syracuse Storm : LHP Ken French
Batting: SHB Jorge Iglésias 0-0: Foul Ball, location: 2F
0-1: Ball
1-1: Ball
2-1: Ball
3-1: Reached on error, E6 (Groundball, 56)
Batting: RHB Tatsui Murakami 0-0: Swinging Strike
0-1: Called Strike
0-2: Ball
1-2: Strikes out looking
Batting: RHB Diego Martínez 0-0: Swinging Strike
0-1: Ball
1-1: Called Strike
1-2: Strikes out swinging
Batting: RHB Gary Mosley 0-0: Ball
1-0: Called Strike
1-1: Ball
2-1: Ball
3-1: Foul Ball, location: 2F
3-2: Strikes out swinging
Bottom of the 3rd over - 0 runs, 0 hits, 1 error, 1 left on base; Syracuse 0 - Nebraska 2
TOP OF THE 4TH
Syracuse Storm batting - Pitching for Nebraska Plainsmen : RHP Nate Jackson
Batting: LHB Salvador Ramírez 0-0: Called Strike
0-1: Foul Ball, location: 2F
0-2: Strikes out swinging
Batting: LHB Rafael Longoria 0-0: Ball
1-0: Foul Ball, location: 2F
1-1: Ball
2-1: Ball
3-1: Ground out 3-1 (Groundball, 34)
Batting: RHB Dave Maxwell 0-0: Ball
1-0: Ground out 4-3 (Groundball, 4)
Top of the 4th over - 0 runs, 0 hits, 0 errors, 0 left on base; Syracuse 0 - Nebraska 2
BOTTOM OF THE 4TH
Nebraska Plainsmen batting - Pitching for Syracuse Storm : LHP Ken French
Batting: RHB Troy Ross 0-0: Ball
1-0: Called Strike
1-1: Called Strike
1-2: Strikes out swinging
Batting: SHB Roger Dorn 0-0: Foul Ball, location: 2F
0-1: Ball
1-1: SINGLE (Line Drive, 89S)
Batting: RHB Tomas van Noord 0-0: Ball
1-0: Ball
2-0: Called Strike
2-1: SINGLE (Groundball, 34S) (infield hit)
Roger Dorn to second
Batting: SHB Amadeo Álvarez 0-0: Ball
1-0: Called Strike
1-1: Ball
2-1: Foul Ball, location: 2F
2-2: Strikes out swinging
Batting: LHB Nathan Housden 0-0: Ball
1-0: Foul Ball, location: 2F
1-1: Fly out, F4 (Line Drive, 4)
Bottom of the 4th over - 0 runs, 2 hits, 0 errors, 2 left on base; Syracuse 0 - Nebraska 2
TOP OF THE 5TH
Syracuse Storm batting - Pitching for Nebraska Plainsmen : RHP Nate Jackson
Batting: RHB Javier Sandoval 0-0: Swinging Strike
0-1: Called Strike
0-2: Strikes out looking
Batting: LHB Hirohisa Wada 0-0: Ball
1-0: Ball
2-0: Foul Ball, location: 2F
2-1: Swinging Strike
2-2: Strikes out swinging
Batting: SHB Franck Kooijmans 0-0: Ball
1-0: Fly out, F8 (Flyball, 8RM)
Top of the 5th over - 0 runs, 0 hits, 0 errors, 0 left on base; Syracuse 0 - Nebraska 2
BOTTOM OF THE 5TH
Nebraska Plainsmen batting - Pitching for Syracuse Storm : LHP Ken French
Batting: SHB Jorge Iglésias 0-0: Foul Ball, location: 2F
0-1: Ball
1-1: Called Strike
1-2: Strikes out swinging
Batting: RHB Tatsui Murakami 0-0: Foul Ball, location: 2F
0-1: Ground out U3 (Groundball, 3S)
Batting: RHB Diego Martínez 0-0: Foul Ball, location: 2F
0-1: DOUBLE (Flyball, 8LXD)
Batting: RHB Gary Mosley 0-0: Ball
1-0: 2-RUN HOME RUN (Flyball, 7D), Distance : 411 ft
Batting: RHB Troy Ross 0-0: Ball
1-0: Called Strike
1-1: Swinging Strike
1-2: Foul Ball, location: 2F
1-2: Strikes out swinging
Bottom of the 5th over - 2 runs, 2 hits, 0 errors, 0 left on base; Syracuse 0 - Nebraska 4
TOP OF THE 6TH
Syracuse Storm batting - Pitching for Nebraska Plainsmen : RHP Nate Jackson
Batting: RHB Francis Osborne 0-0: Ball
1-0: Ball
2-0: Foul Ball, location: 2F
2-1: Foul Ball, location: 2F
2-2: SINGLE (Groundball, 6MD)
Batting: LHB Ed Gordon 0-0: Ball
1-0: Foul Ball, location: 2F
1-1: Fielders Choice at 2nd, 3-6 (Groundball, 34)
Batting: RHB Sadakuno Hashimoto 0-0: Foul Ball, location: 2F
0-1: Swinging Strike
0-2: Foul Ball, location: 2F
0-2: Foul Ball, location: 2F
0-2: Ball
1-2: Foul Ball, location: 2F
1-2: Foul Ball, location: 2F
1-2: Strikes out swinging
Batting: LHB Salvador Ramírez 0-0: Ball
1-0: Swinging Strike
1-1: Swinging Strike
1-2: Ball
2-2: Strikes out swinging
Top of the 6th over - 0 runs, 1 hit, 0 errors, 1 left on base; Syracuse 0 - Nebraska 4
BOTTOM OF THE 6TH
Nebraska Plainsmen batting - Pitching for Syracuse Storm : LHP Ken French
Batting: SHB Roger Dorn 0-0: Ball
1-0: Swinging Strike
1-1: Foul Ball, location: 2F
1-2: Strikes out swinging
Batting: RHB Tomas van Noord 0-0: Ball
1-0: Called Strike
1-1: Ball
2-1: SINGLE (Line Drive, 89S)
Pitching: RHP Eddie Hancock
Batting: SHB Amadeo Álvarez 0-0: SINGLE (Line Drive, 8LS)
Tomas van Noord to second
Batting: LHB Nathan Housden 0-0: Ball
1-0: Foul Ball, location: 2F
1-1: Foul Ball, location: 2F
1-2: Foul Ball, location: 2F
1-2: Ball
2-2: Foul Ball, location: 2F
2-2: Ball
3-2: SINGLE (Line Drive, 6MD)
Tomas van Noord to third
Amadeo Álvarez to second
Batting: SHB Jorge Iglésias 0-0: Ball
1-0: Foul Ball, location: 2F
1-1: Called Strike
1-2: Ball
2-2: SINGLE (Groundball, 4MD)
Tomas van Noord scores
Amadeo Álvarez to third
Nathan Housden to second
Runner from 3rd tries for Home, throw and OUT!
Batting: RHB Tatsui Murakami 0-0: SINGLE (Groundball, 34D)
Nathan Housden to third
Jorge Iglésias to second
Runner from 3rd tries for Home, SAFE, no throw
Batting: RHB Diego Martínez 0-0: Ball
1-0: Swinging Strike
1-1: Called Strike
1-2: Strikes out looking
Bottom of the 6th over - 2 runs, 5 hits, 0 errors, 2 left on base; Syracuse 0 - Nebraska 6
TOP OF THE 7TH
Syracuse Storm batting - Pitching for Nebraska Plainsmen : RHP Nate Jackson
Batting: LHB Rafael Longoria 0-0: Ball
1-0: Swinging Strike
1-1: Ball
2-1: Swinging Strike
2-2: SINGLE (Line Drive, 6D)
Batting: RHB Dave Maxwell 0-0: Ball
1-0: Ball
2-0: Called Strike
2-1: Ball
3-1: Swinging Strike
3-2: Strikes out looking
Batting: RHB Javier Sandoval 0-0: Ball
1-0: Fly out, F3 (Popup, 34)
Batting: LHB Hirohisa Wada 0-0: Ball
1-0: Ball
2-0: Fly out, F3 (Line Drive, 34)
Top of the 7th over - 0 runs, 1 hit, 0 errors, 1 left on base; Syracuse 0 - Nebraska 6
BOTTOM OF THE 7TH
Nebraska Plainsmen batting - Pitching for Syracuse Storm : RHP Eddie Hancock
Batting: RHB Gary Mosley 0-0: Ground out 5-3 (Groundball, 5)
Batting: RHB Troy Ross 0-0: Called Strike
0-1: Ball
1-1: Called Strike
1-2: Strikes out swinging
Batting: SHB Roger Dorn 0-0: Ground out 5-3 (Groundball, 56)
Bottom of the 7th over - 0 runs, 0 hits, 0 errors, 0 left on base; Syracuse 0 - Nebraska 6
TOP OF THE 8TH
Syracuse Storm batting - Pitching for Nebraska Plainsmen : RHP Nate Jackson
Now at 3B: José Durán
Batting: SHB Franck Kooijmans 0-0: Foul Ball, location: 2F
0-1: Ball
1-1: Swinging Strike
1-2: Strikes out swinging
Batting: RHB Francis Osborne 0-0: Ball
1-0: Ball
2-0: Ball
3-0: Swinging Strike
3-1: Foul Ball, location: 2F
3-2: SINGLE (Groundball, 56D)
Batting: LHB Ed Gordon 0-0: Fly out, F9 (Flyball, 9S)
Batting: RHB Sadakuno Hashimoto 0-0: Called Strike
0-1: Fielders Choice at 2nd, 6-4 (Groundball, 6)
Top of the 8th over - 0 runs, 1 hit, 0 errors, 1 left on base; Syracuse 0 - Nebraska 6
BOTTOM OF THE 8TH
Nebraska Plainsmen batting - Pitching for Syracuse Storm : RHP Eddie Hancock
Batting: RHB Tomas van Noord 0-0: Ball
1-0: Fly out, F8 (Flyball, 8LM)
Batting: SHB Amadeo Álvarez 0-0: Ball
1-0: Fly out, F8 (Flyball, 8LD)
Batting: LHB Nathan Housden 0-0: Called Strike
0-1: SINGLE (Groundball, 4D)
Batting: SHB Jorge Iglésias 0-0: Ball
1-0: Ball
2-0: Called Strike
2-1: Ball
3-1: Called Strike
3-2: Foul Ball, location: 2F
3-2: Ground out U3 (Groundball, 3)
Bottom of the 8th over - 0 runs, 1 hit, 0 errors, 1 left on base; Syracuse 0 - Nebraska 6
TOP OF THE 9TH
Syracuse Storm batting - Pitching for Nebraska Plainsmen : RHP Nate Jackson
Batting: LHB Salvador Ramírez 0-0: Ball
1-0: Foul Ball, location: 2F
1-1: Fly out, F9 (Flyball, 9S)
Batting: LHB Rafael Longoria 0-0: Ball
1-0: Swinging Strike
1-1: Foul Ball, location: 2F
1-2: Foul Ball, location: 2F
1-2: Strikes out swinging
Batting: RHB Dave Maxwell 0-0: Ball
1-0: Foul Ball, location: 2F
1-1: Ball
2-1: Ground out 1-3 (Groundball, 13)
Top of the 9th over - 0 runs, 0 hits, 0 errors, 0 left on base; Syracuse 0 - Nebraska 6
Wednesday, September 19th, 2018 - OOTP Baseball 18.8 Build 76